 Dungeon Crawl Stone Soup version 0.29-a0-1016-g236c7fd91e (webtiles) character file.

Game seed: 12126985350719344315

75 Manisian the Caller (level 4, 24/24 HPs)
             Began as a Deep Elf Summoner on Aug 9, 2022.
             Quit the game on level 2 of the Dungeon.
             The game lasted 00:04:25 (1983 turns).

Manisian the Caller (Deep Elf Summoner)             Turns: 1983, Time: 00:04:26

Health: 24/24      AC:  3    Str:  7    XL:     4   Next: 11%
Magic:  12/12      EV: 12    Int: 20    God:
Gold:   148        SH:  0    Dex: 15    Spells: 5/11 levels left

rFire   . . .      SeeInvis .   i - +2 spear (protect)
rCold   . . .      Faith    .   (no shield)
rNeg    . . .      Spirit   .   a - +0 robe
rPois   .          Reflect  .   (no helmet)
rElec   .          Harm     .   (no cloak)
rCorr   .          Rampage  .   e - +0 pair of gloves
Will    .....                   (no boots)
Stlth   ++........              (no amulet)
HPRegen 0.08/turn               (no ring)
MPRegen 0.13/turn               (no ring)

@: no status effects
A: no striking features
a: no special abilities


You were on level 2 of the Dungeon.
You visited 1 branch of the dungeon, and saw 2 of its levels.

You collected 148 gold pieces.

Inventory:

Hand Weapons
 i - a +2 spear of protection (weapon)
Missiles
 f - 5 javelins (quivered)
Armour
 a - a +0 robe (worn)
 e - a +0 pair of gloves (worn)
Scrolls
 g - a scroll of enchant armour {unknown}
 k - 3 scrolls of identify
 m - a scroll of fog {unknown}
 n - a scroll of amnesia {unknown}
Potions
 b - a potion of magic
 c - 2 potions of heal wounds
 d - a potion of mutation {unknown}
 h - a potion of curing {unknown}
 j - a potion of brilliance {unknown}
 l - a potion of degeneration {unknown}
 o - a potion of lignification {unknown}


   Skills:
 + Level 0.6 Fighting
 + Level 0.3 Polearms
 + Level 2.5 Dodging
 + Level 2.7 Stealth
 + Level 4.1 Spellcasting
 + Level 5.3 Summonings


You had 5 spell levels left.
You knew the following spells:

 Your Spells              Type           Power      Damage    Failure   Level
a - Summon Small Mammal   Summ           100%       N/A       1%          1
b - Call Imp              Summ           25%        N/A       2%          2
c - Call Canine Familiar  Summ           25%        N/A       4%          3

Your spell library contained the following spells:

 Spells                   Type           Power      Damage    Failure   Level
 Summon Guardian Golem    Hex/Summ       14%        N/A       13%         3
 Ensorcelled Hibernation  Hex/Ice        8%         N/A       19%         2
 Passwall                 Tmut/Erth      3%         N/A       19%         2
 Ozocubu's Armour         Ice            4%         N/A       36%         3
 Swiftness                Air            4%         N/A       36%         3
 Summon Lightning Spire   Summ/Air       14%        N/A       38%         4
 Ozocubu's Refrigeration  Ice            2%         4d7       100%        7


Dungeon Overview and Level Annotations

Branches:
Dungeon (2/15)

Altars:


Message History

Key pressed, stopping explore.
Found 8 stones.
c - 2 potions of heal wounds (gained 1)
An adder comes into view.
An adder is nearby!
You throw a javelin. The javelin pierces through the adder!
The adder is severely wounded.
You throw a javelin. The javelin pierces through the adder.
You kill the adder!
You have reached level 4!
You feel clever.
f - 4 javelins (gained 1)
You see here an adder corpse.
f - 5 javelins (gained 1)
Found a stone staircase leading up.
A goblin comes into view. It is wielding a +0 dagger.
The goblin shouts!
A goblin is nearby!
A goblin is nearby!
You reach to attack!
You barely miss the goblin. You barely miss the goblin.
The goblin hits you with a +0 dagger.
You barely miss the goblin. The goblin barely misses you.
You hit the goblin.
Your weapon exudes an aura of protection.
The goblin is severely wounded.
The goblin misses you.
You barely miss the goblin.
The goblin is severely wounded.
The goblin hits you with a +0 dagger. The goblin hits you but does no damage.
You completely miss the goblin.
The goblin is severely wounded.
The goblin hits you but does no damage.
You hit the goblin.
You kill the goblin!
Key pressed, stopping explore.
No target in view!
You now have 148 gold pieces (gained 18).
You see here a +0 dagger.
A dart slug comes into view.
Are you sure you want to abandon this character and quit the game? (Confirm with "yes".)

#).)..###.#.######.#.....####
#.)..## #.#......#.###.......
#)#8## #.#.####.#.# #.#.####
## #.#######..)# #.#.#
#.#....# .# #...........#
#.#.# #.####.# .#
###.######..# #.#.# #.####.#
.# #...# ##.# #.#.###.#..#.#
.####...# #.## #.......#..#.#
........# #.@# #....##.#.<#..
.##.#...# #..####...####.####
.##.##### #..................
.##.# #..####...####.####
.##.# #..#.#......##.# .##.#
#........##.##.# .##.#
##w......##.##.# .##.# #
#.......##.##.#### .##.#
..######..........##.#...


You could see a dart slug (wandering).

Vanquished Creatures
  2 adders (D:2)
  An endoplasm (D:2)
  6 goblins (D:2)
  3 hobgoblins (D:2)
  A jackal (D:2)
  A ball python (D:2)
  A frilled lizard (D:2)
  4 rats
19 creatures vanquished.

Vanquished Creatures (collateral kills)
  Robin (D:2)
  3 endoplasms (D:1)
  A giant cockroach (D:2)
  4 hobgoblins
  A jackal (D:2)
  2 kobolds (D:1)
  A quokka (D:1)
  2 ball pythons (D:1)
  A bat (D:1)
  5 goblins
  2 rats (D:1)
23 creatures vanquished.

Grand Total: 42 creatures vanquished

Notes
Turn   | Place    | Note
-------+----------+-------------------------------------------
     0 | D:1      | Manisian the Deep Elf Summoner began the quest for the Orb.
     0 | D:1      | Reached XP level 1. HP: 10/10 MP: 6/6
    83 | D:1      | Found a faded altar of an unknown god.
   364 | D:1      | Reached XP level 2. HP: 15/15 MP: 5/8
   428 | D:1      | Learned a level 2 spell: Call Imp
   584 | D:1      | Reached skill level 5 in Summonings
  1194 | D:2      | Reached XP level 3. HP: 20/20 MP: 10/10
  1264 | D:2      | Noticed Robin
  1281 | D:2      | Killed Robin
  1502 | D:2      | Learned a level 3 spell: Call Canine Familiar
  1835 | D:2      | Reached XP level 4. HP: 24/24 MP: 12/12
  1983 | D:2      | Quit the game

Illustrated notes

Levels and vault maps discovered:
D:1:      nicolae_arrival_somewhat_less_tricky_arrival, layout_basic,
          ebering_ecumenical_altar_box
D:2:      layout_basic, serial_corexii_hall, chequers_hall_statues_y,
          chequers_hall_statues_wall_a, uniq_robin

Skill      XL: |  1  2  3 |
---------------+----------+-----
Summonings     | 5 |  5.3
Spellcasting   | 4 |  4.1
Fighting       | |  0.6
Polearms       | |  0.3
Dodging        | |  2.5
Stealth        | |  2.7

Action                   |  1- 3 |  4- 6 || total
-------------------------+-------+-------++-------
Melee: Spear             |    51 |     7 ||    58
       Punch             |     2 |       ||     2
Throw: Javelin           |     4 |       ||     4
 Cast: Summon Small Mamm |    28 |       ||    28
       Call Imp          |     4 |       ||     4
  Use: Scroll            |     5 |       ||     5
 Stab: Sleeping          |     2 |       ||     2
Armor: Robe              |    17 |     2 ||    19
Dodge: Dodged            |    54 |     2 ||    56

Table legend: (Time is in decaauts)
 A = Elapsed time spent in this place.
 B = Non-inter-level travel time spent in this place.
 C = Inter-level travel time spent in this place.
 D = Time resting spent in this place.
 E = Time spent auto-exploring this place.
 F = Levels seen in this place.
 G = Mean time per level.
                   A        B        C        D        E       F      G
               +--------+--------+--------+--------+--------+-----+--------+
         Total |   1990 |   1948 |     42 |      6 |   1560 |   2 |  995.0 |
       Dungeon |   1990 |   1948 |     42 |      6 |   1560 |   2 |  995.0 |
               +--------+--------+--------+--------+--------+-----+--------+

Top non-repeatable levels by time:
     D:1: 1100 daAuts
     D:2: 889 daAuts
